[Event "January 9 Early 2024"]
[Site "https://www.chess.com"]
[Date "2024.01.11"]
[Round "4"]
[White "Lagarde, Maxime"]
[Black "Rasulov, Vugar"]
[Result "0-1"]
[Board "91"]
[TimeControl "180+1"]
[WhiteFideId "662399"]
[BlackFideId "13402390"]
[WhiteElo "2809"]
[BlackElo "2989"]
[WhiteTeam "FRA"]
[BlackTeam "AZE"]
[WhiteClock "0:00:32"]
[BlackClock "0:00:47"]

1. d4 Nf6 2. c4 e6 3. Nf3 d5 4. Nc3 Be7 5. Bf4 O-O 6. e3 Nbd7 7. a3 dxc4 8. Bxc4 c5 9. O-O Nb6 10. Ba2 cxd4 11. exd4 Bd7 12. Ne5 Rc8 13. Re1 Bc6 14. Qd3 Nbd5 15. Bg5 h6 16. Bxf6 Bxf6 17. Nxc6 bxc6 18. Ne4 Rb8 19. Rab1 g6 20. g3 Bg7 21. Re2 a5 22. Rbe1 Rb6 23. Nc5 Nc7 24. Re4 Rxb2 25. Bc4 Qg5 26. h4 Qd2 27. Qxd2 Rxd2 28. Nb3 Rc2 29. Bf1 a4 30. Nc5 Ra8 31. Rb1 Nd5 32. h5 Nc3 33. Rb7 Nxe4 34. Nxe4 gxh5 35. Nd6 Rf8 36. Bh3 Bxd4 0-1

[Event "January 9 Early 2024"]
[Site "https://www.chess.com"]
[Date "2024.01.11"]
[Round "4"]
[White "De Souza, Cristiano Gomes"]
[Black "Makkar, Rajat"]
[Result "1-0"]
[Board "92"]
[TimeControl "180+1"]
[WhiteFideId "2151758"]
[BlackFideId "36016810"]
[WhiteElo "2260"]
[BlackElo "2429"]
[WhiteTeam "BRA"]
[BlackTeam "FRA"]
[WhiteClock "0:00:39"]
[BlackClock "0:00:40"]

1. d4 Nf6 2. c4 e6 3. Nf3 d5 4. Nc3 c6 5. Bg5 dxc4 6. e4 b5 7. e5 h6 8. Bh4 g5 9. exf6 gxh4 10. Ne5 Qxf6 11. Be2 Bb7 12. Bf3 Bd6 13. Ne4 Qd8 14. O-O Ke7 15. a4 a6 16. Bh5 Rh7 17. Qf3 f5 18. Ng6+ Kd7 19. Nc5+ Bxc5 20. dxc5 Kc7 21. Rfd1 Nd7 22. Qe3 Qf6 23. Rd6 Rg8 24. Rxe6 Qxb2 25. Qf4+ Kc8 26. Rd1 c3 27. Ne7+ Rxe7 28. Rxe7 c2 29. Rde1 Rd8 30. Be8 Qc3 31. Bxd7+ Rxd7 32. Re8+ Rd8 33. Rxd8+ Kxd8 34. Qd6+ Kc8 35. Re8# 1-0

[Event "January 9 Early 2024"]
[Site "https://www.chess.com"]
[Date "2024.01.11"]
[Round "4"]
[White "Olsson, Linus"]
[Black "Carow, Johannes"]
[Result "0-1"]
[Board "93"]
[TimeControl "180+1"]
[WhiteFideId "1706098"]
[BlackFideId "24692050"]
[WhiteElo "2505"]
[BlackElo "2713"]
[WhiteTeam "SWE"]
[BlackTeam "GER"]
[WhiteClock "0:00:27"]
[BlackClock "0:00:22"]

1. d4 Nf6 2. c4 g6 3. Nc3 d5 4. cxd5 Nxd5 5. e4 Nxc3 6. bxc3 Bg7 7. Bc4 c5 8. Ne2 Nc6 9. Be3 O-O 10. h4 Qa5 11. Kf1 cxd4 12. cxd4 Rd8 13. h5 Qb4 14. Rc1 Ne5 15. Bd2 Qd6 16. h6 Nxc4 17. Rxc4 Be6 18. d5 Be5 19. Bc3 Bd7 20. Qb3 b5 21. Rd4 Bxd4 22. Bxd4 b4 23. f3 Bb5 24. Kf2 Bxe2 25. Kxe2 Rac8 26. Bc3 bxc3 0-1

[Event "January 9 Early 2024"]
[Site "https://www.chess.com"]
[Date "2024.01.11"]
[Round "4"]
[White "Pujari, Rucha"]
[Black "Llari, Marc"]
[Result "0-1"]
[Board "94"]
[TimeControl "180+1"]
[WhiteFideId "5024528"]
[BlackFideId "651044269"]
[WhiteElo "2476"]
[BlackElo "2318"]
[WhiteTeam "IND"]
[BlackTeam "FRA"]
[WhiteClock "0:00:04"]
[BlackClock "0:01:25"]

1. d4 f5 2. c4 Nf6 3. Nf3 g6 4. g3 Bg7 5. Bg2 O-O 6. O-O d6 7. Nc3 Nbd7 8. Ng5 Nb6 9. d5 Nxc4 10. Ne6 Bxe6 11. dxe6 c6 12. a4 a5 13. b3 Nb6 14. Be3 Nfd5 15. Nxd5 Nxd5 16. Bxd5 Bxa1 17. Qxa1 cxd5 18. Qd4 Rc8 19. h4 Rf6 20. Bh6 Qc7 21. Rd1 Qc5 22. Rc1 Qxc1+ 23. Bxc1 Rxc1+ 24. Kg2 Rxe6 25. Qxd5 Kf7 26. h5 Rc5 27. Qxb7 Rxe2 28. h6 Rcc2 29. Qd5+ e6 30. Qb7+ Kf6 31. Qxh7 Rxf2+ 32. Kg1 Rg2+ 33. Kf1 Rh2 34. Kg1 Rcg2+ 35. Kf1 Rxg3 0-1

[Event "January 9 Early 2024"]
[Site "https://www.chess.com"]
[Date "2024.01.11"]
[Round "4"]
[White "Vela Frago, Alberto"]
[Black "Smirnov, Alexandr A."]
[Result "1-0"]
[Board "95"]
[TimeControl "180+1"]
[WhiteFideId "24531685"]
[BlackFideId "24104396"]
[WhiteElo "2324"]
[BlackElo "2638"]
[WhiteTeam "ESP"]
[BlackTeam "RUS"]
[WhiteClock "0:00:44"]
[BlackClock "0:00:21"]

1. e4 d5 2. exd5 Qxd5 3. Nc3 Qd6 4. Nf3 Nf6 5. d4 a6 6. g3 Bg4 7. h3 Bh5 8. Bg2 Nc6 9. O-O O-O-O 10. Be3 e5 11. dxe5 Nxe5 12. Qxd6 Bxd6 13. Nxe5 Bxe5 14. f4 Bxc3 15. bxc3 Be2 16. Rfe1 Bc4 17. a4 Rhe8 18. Bd4 Rxe1+ 19. Rxe1 Re8 20. Rb1 c6 21. a5 Re2 22. Bf1 Nd5 23. Bxe2 Bxe2 24. Bxg7 Bb5 25. Kf2 f6 26. Re1 Kd7 27. Kf3 Ba4 28. c4 Nb4 29. Bxf6 Nxc2 30. Re7+ Kd6 31. Rxb7 Na3 32. Be7+ 1-0

[Event "January 9 Early 2024"]
[Site "https://www.chess.com"]
[Date "2024.01.11"]
[Round "4"]
[White "Vincenti, Leonardo"]
[Black "Perossa, Nicolas"]
[Result "1-0"]
[Board "96"]
[TimeControl "180+1"]
[WhiteFideId "28550820"]
[BlackFideId "2850520"]
[WhiteElo "2210"]
[BlackElo "2433"]
[WhiteTeam "ITA"]
[BlackTeam "ITA"]
[WhiteClock "0:01:05"]
[BlackClock "0:00:01"]

1. e4 d6 2. d4 Nf6 3. Bd3 c5 4. dxc5 dxc5 5. Nc3 Nc6 6. Nge2 e6 7. f3 Be7 8. Be3 a6 9. a4 O-O 10. O-O b6 11. Nf4 Bb7 12. Be2 Qc7 13. Nd3 Rad8 14. Qe1 Nd4 15. Rc1 e5 16. Qg3 Nh5 17. Qxe5 Qxe5 18. Nxe5 Bd6 19. Ng4 Nf4 20. Bc4 h5 21. Nf2 Be5 22. Nd3 Nxd3 23. Bxd3 Bf6 24. Rb1 g6 25. Rfd1 Rd7 26. Ne2 Rfd8 27. c3 Ne6 28. Bc2 Bc6 29. b4 cxb4 30. cxb4 b5 31. a5 Be7 32. Nc3 Rxd1+ 33. Bxd1 1-0

[Event "January 9 Early 2024"]
[Site "https://www.chess.com"]
[Date "2024.01.11"]
[Round "4"]
[White "Yeritsyan, Hayk"]
[Black "Leschinsky, Gary"]
[Result "0-1"]
[Board "97"]
[TimeControl "180+1"]
[WhiteFideId "13307320"]
[BlackFideId "30951321"]
[WhiteElo "2615"]
[BlackElo "2428"]
[WhiteTeam "ARM"]
[BlackTeam "USA"]
[WhiteClock "0:00:07"]
[BlackClock "0:01:05"]

1. d4 Nf6 2. c4 e6 3. Nf3 b6 4. g3 Bb7 5. Bg2 Be7 6. O-O O-O 7. Nc3 Ne4 8. Nxe4 Bxe4 9. d5 Bf6 10. Qb3 c6 11. d6 c5 12. Qe3 Bb7 13. Rb1 Nc6 14. Rd1 Qb8 15. b3 Nd4 16. Nxd4 cxd4 17. Rxd4 Bxd4 18. Qxd4 Bxg2 19. Kxg2 Qb7+ 20. f3 Rfc8 21. Bb2 f6 22. Rd1 Qc6 23. g4 e5 24. Qe3 b5 25. cxb5 Qxb5 26. Rd2 Rc5 27. g5 Rac8 28. gxf6 gxf6 29. Qh6 Rc2 30. Qxf6 Rxd2 31. Qg5+ Kf7 32. Qxd2 Rg8+ 33. Kf1 Rg6 34. Kf2 Qc5+ 35. Qe3 Rg2+ 0-1

[Event "January 9 Early 2024"]
[Site "https://www.chess.com"]
[Date "2024.01.11"]
[Round "4"]
[White "Jimenez Almeida, Luis David"]
[Black "Onslow, Alfie"]
[Result "1-0"]
[Board "98"]
[TimeControl "180+1"]
[WhiteFideId "22242244"]
[BlackFideId "436976"]
[WhiteElo "2518"]
[BlackElo "2323"]
[WhiteTeam "ESP"]
[BlackTeam "ENG"]
[WhiteClock "0:01:31"]
[BlackClock "0:00:02"]

1. e4 c5 2. Nc3 Nc6 3. g3 g6 4. Bg2 Bg7 5. d3 d6 6. Be3 Rb8 7. a4 a6 8. h3 b5 9. axb5 axb5 10. Qd2 b4 11. Nd1 Nf6 12. Ne2 O-O 13. O-O e5 14. Bh6 Nd4 15. Bxg7 Kxg7 16. Nc1 Be6 17. c3 bxc3 18. bxc3 Nb3 19. Nxb3 Rxb3 20. Ne3 Qb6 21. Rac1 Rb2 22. Rc2 Rb8 23. f4 Rxc2 24. Nxc2 Qb2 25. fxe5 dxe5 26. Qg5 Nd7 27. Ne3 Qxc3 28. Nf5+ Bxf5 29. exf5 f6 30. Qg4 Qd4+ 31. Kh2 Qxg4 32. hxg4 Rb3 33. Be4 Rb2+ 34. Kh3 g5 35. Ra1 Kf7 36. Ra7 Ke7 37. Bc6 Kd6 38. Bxd7 Rd2 39. Be6 Kc6 40. Bc4 Rc2 41. Ra6+ Kb7 42. Rxf6 e4 43. Re6 exd3 44. Bxd3 Rd2 45. Be4+ Kc7 46. f6 Rf2 47. Bf5 1-0

[Event "January 9 Early 2024"]
[Site "https://www.chess.com"]
[Date "2024.01.11"]
[Round "4"]
[White "Martinez Pla, Xavier"]
[Black "Abrosimov, Vladimir"]
[Result "1-0"]
[Board "99"]
[TimeControl "180+1"]
[WhiteFideId "32074271"]
[BlackFideId "4166892"]
[WhiteElo "2457"]
[BlackElo "2180"]
[WhiteTeam "ESP"]
[BlackTeam "RUS"]
[WhiteClock "0:01:23"]
[BlackClock "0:00:52"]

1. e4 c5 2. Nf3 d6 3. Bb5+ Bd7 4. c4 Nf6 5. Nc3 a6 6. Bxd7+ Qxd7 7. O-O Nc6 8. d4 cxd4 9. Nxd4 Nxd4 10. Qxd4 g6 11. h3 Bg7 12. Be3 O-O 13. Qd3 Rac8 14. b3 Qc6 15. Rac1 Rfe8 16. Rfd1 Qd7 17. e5 Nh5 18. g4 Bxe5 19. gxh5 Qxh3 20. f4 Qg3+ 21. Kf1 Qh3+ 22. Ke1 Qg3+ 23. Bf2 Qxf4 24. Nd5 Qg5 25. hxg6 fxg6 26. Qe3 Qh5 27. Qe2 Qh1+ 28. Kd2 Qh2 29. Be3 Qxe2+ 30. Kxe2 e6 31. Nb4 Rc7 32. a4 Rf8 33. Rh1 h5 34. Rcg1 Kh7 35. Nd3 Rf5 36. Rg2 d5 37. c5 d4 38. Bf2 Bf6 39. Rhg1 g5 40. Rh1 1-0

[Event "January 9 Early 2024"]
[Site "https://www.chess.com"]
[Date "2024.01.11"]
[Round "4"]
[White "Mammadov, Ziya"]
[Black "Van Kooten, Luuk"]
[Result "0-1"]
[Board "100"]
[TimeControl "180+1"]
[WhiteFideId "13418890"]
[BlackFideId "1006533"]
[WhiteElo "1960"]
[BlackElo "2275"]
[WhiteTeam "AZE"]
[BlackTeam "NED"]
[WhiteClock "0:00:01"]
[BlackClock "0:00:50"]

1. e4 c5 2. Nf3 d6 3. d4 cxd4 4. Nxd4 Nf6 5. Nc3 a6 6. f3 e6 7. Be3 b5 8. Qd2 Bb7 9. O-O-O Nbd7 10. Bg5 Be7 11. h4 Qc7 12. Be3 Rc8 13. Be2 b4 14. Na4 d5 15. exd5 Nxd5 16. Bf2 Nc5 17. Nxc5 Qxc5 18. Bg1 Qa5 19. a3 O-O 20. g4 Nc3 21. Nb3 Qa4 22. h5 Rfd8 23. Bd3 Nxd1 24. Kxd1 bxa3 25. bxa3 Bxf3+ 26. Ke1 Bxh1 27. h6 Qxg4 28. Qe3 Bh4+ 0-1

[Event "January 9 Early 2024"]
[Site "https://www.chess.com"]
[Date "2024.01.11"]
[Round "4"]
[White "Kuhn, Clement"]
[Black "Osinovsky, Stepan"]
[Result "0-1"]
[Board "101"]
[TimeControl "180+1"]
[WhiteFideId "36099775"]
[BlackFideId "4157354"]
[WhiteElo "2563"]
[BlackElo "2409"]
[WhiteTeam "FRA"]
[BlackTeam "RUS"]
[WhiteClock "0:01:53"]
[BlackClock "0:00:24"]

1. Nf3 Nf6 2. g3 g6 3. b3 Bg7 4. Bb2 O-O 5. Bg2 d6 6. d4 Nbd7 7. O-O e5 8. dxe5 Ng4 9. c4 Ngxe5 10. Nxe5 Nxe5 11. Nc3 Re8 12. Qd2 a5 13. Rad1 a4 14. Nxa4 Rxa4 15. Bxe5 Ra8 16. Bxg7 Kxg7 17. c5 Qe7 18. cxd6 cxd6 19. Qb2+ Qe5 20. Qxe5+ Rxe5 21. Rd2 Ra3 22. Bd5 b6 23. Rc1 Ba6 24. e4 f5 25. Rc7+ Kf8 26. f4 Re7 27. Rxe7 Kxe7 28. exf5 gxf5 29. Kf2 Bc8 30. Rc2 Bd7 31. b4 Rd3 32. Bb3 Rd4 33. Re2+ Kf6 34. b5 d5 35. Re5 Rd2+ 36. Kf3 Bxb5 37. Rxd5 Bc6 38. Ke3 Rxd5 39. Bxd5 Bxd5 40. Kd4 Bxa2 41. Kc3 b5 42. Kb4 Bc4 43. h3 Be2 44. Kc5 Ke6 45. Kd4 h5 46. Ke3 Bf1 47. Kd4 Bxh3 48. Kc5 Bf1 49. Kd4 Kd6 50. Kc3 Kd5 51. Kb3 Ke4 52. Kc3 Kf3 53. Kd4 Kxg3 54. Ke5 Kg4 55. Kf6 b4 56. Ke5 h4 57. Kf6 h3 58. Kg6 h2 59. Kh6 h1=Q+ 60. Kg6 Qe4 61. Kf6 Qc6+ 62. Kg7 Kxf4 63. Kf7 b3 64. Ke7 b2 65. Kf7 b1=Q 66. Ke7 Qbb7+ 67. Kf8 Qcc8# 0-1

[Event "January 9 Early 2024"]
[Site "https://www.chess.com"]
[Date "2024.01.11"]
[Round "4"]
[White "Malikova, Marjona"]
[Black "Dahlgren, James Allen"]
[Result "1/2-1/2"]
[Board "102"]
[TimeControl "180+1"]
[WhiteFideId "14212463"]
[BlackFideId "22256873"]
[WhiteElo "2287"]
[BlackElo "2093"]
[WhiteTeam "UZB"]
[BlackTeam "ESP"]
[WhiteClock "0:01:26"]
[BlackClock "0:00:33"]

1. d4 e6 2. c4 c5 3. d5 f5 4. Nc3 e5 5. e4 d6 6. f4 Nd7 7. Nf3 fxe4 8. Nxe4 Ngf6 9. Nxf6+ Qxf6 10. fxe5 Nxe5 11. Nxe5 Qxe5+ 12. Qe2 Qxe2+ 13. Bxe2 Bf5 14. O-O g6 15. Bg5 Be7 16. Bxe7 Kxe7 17. g4 Bd7 18. Rae1 Raf8 19. Bf3+ Kd8 20. Kg2 Re8 21. h4 Rxe1 22. Rxe1 Re8 23. Rxe8+ Kxe8 24. Kg3 Kf7 25. Kf4 Kf6 26. g5+ Kf7 27. a3 Ke7 28. b4 b6 29. h5 Bf5 30. hxg6 hxg6 31. Be4 Bxe4 32. Kxe4 Kd7 33. Kd3 Kc7 34. Kc3 Kb7 35. Kb3 a6 36. a4 Kc7 37. a5 bxa5 38. bxa5 Kd7 39. Kc3 Ke7 40. Kd3 Kf7 41. Ke3 Ke7 42. Kf3 Kf7 43. Kg2 Ke7 44. Kh1 Kf7 45. Kg1 Ke7 46. Kh1 Kf7 47. Kg1 Kf8 48. Kh1 Kg8 49. Kg1 Kh8 50. Kh1 Kg8 51. Kg1 Kh8 52. Kh1 Kg8 1/2-1/2

[Event "January 9 Early 2024"]
[Site "https://www.chess.com"]
[Date "2024.01.11"]
[Round "4"]
[White "Arslanov, Shamil"]
[Black "Sjugirov, Sanan"]
[Result "0-1"]
[Board "103"]
[TimeControl "180+1"]
[WhiteFideId "4192826"]
[BlackFideId "4189302"]
[WhiteElo "2635"]
[BlackElo "2963"]
[WhiteTeam "RUS"]
[BlackTeam "HUN"]
[WhiteClock "0:00:03"]
[BlackClock "0:01:08"]

1. d4 Nf6 2. f3 c5 3. d5 e6 4. c4 exd5 5. cxd5 d6 6. e4 g6 7. Nc3 Bg7 8. Bg5 h6 9. Be3 a6 10. a4 Nbd7 11. Qd2 Ne5 12. Nge2 Nc4 13. Qc1 Nxe3 14. Qxe3 O-O 15. g3 Bd7 16. a5 Rb8 17. Bg2 b5 18. O-O Re8 19. Qd2 b4 20. Na4 Bb5 21. Nb6 Nd7 22. Nxd7 Qxd7 23. Rfe1 Qc7 24. b3 Bxa1 25. Rxa1 Bxe2 26. Qxe2 c4 27. Rc1 c3 28. Qe3 Qxa5 29. Qxh6 Qc5+ 30. Kh1 Qd4 31. h4 Rbc8 32. Rf1 Qd2 33. f4 Qe2 34. Rf3 c2 35. h5 c1=Q+ 36. Kh2 Rc2 0-1

[Event "January 9 Early 2024"]
[Site "https://www.chess.com"]
[Date "2024.01.11"]
[Round "4"]
[White "Tabuenca Mendataurigoitia, Daniel"]
[Black "Haug, Havard"]
[Result "0-1"]
[Board "104"]
[TimeControl "180+1"]
[WhiteFideId "24563617"]
[BlackFideId "1547887"]
[WhiteElo "2557"]
[BlackElo "2776"]
[WhiteTeam "ESP"]
[BlackTeam "NOR"]
[WhiteClock "0:00:04"]
[BlackClock "0:01:10"]

1. e4 c6 2. Nf3 d5 3. d3 Qc7 4. exd5 cxd5 5. c4 Nf6 6. Nc3 e6 7. a3 a6 8. g3 dxc4 9. dxc4 Bd6 10. Bg2 b6 11. O-O Bb7 12. Qe2 O-O 13. Bg5 Nc6 14. b4 Ne7 15. Rfd1 Ng6 16. Rac1 Rac8 17. h4 Be7 18. Bxf6 Bxf6 19. Ne4 Bxe4 20. Qxe4 Bb2 21. Rb1 Bf6 22. h5 Ne7 23. Bf1 g6 24. c5 bxc5 25. Bxa6 Ra8 26. b5 Nd5 27. Rxd5 exd5 28. Qxd5 Rfd8 29. Qc4 Bd4 30. Kg2 Qb6 31. a4 Rxa6 32. bxa6 Qxb1 33. hxg6 hxg6 34. Nxd4 Qe4+ 35. Kh2 Qxd4 36. Qc2 c4 37. a5 Qa7 38. Qxc4 Qxf2+ 39. Kh3 Qa7 40. Qc6 Ra8 0-1

[Event "January 9 Early 2024"]
[Site "https://www.chess.com"]
[Date "2024.01.11"]
[Round "4"]
[White "Hercegovac, Neven"]
[Black "Davidson, Kevin"]
[Result "0-1"]
[Board "105"]
[TimeControl "180+1"]
[WhiteFideId "2839135"]
[BlackFideId "2056810"]
[WhiteElo "2343"]
[BlackElo "2521"]
[WhiteTeam "ITA"]
[BlackTeam "USA"]
[WhiteClock "0:00:13"]
[BlackClock "0:00:41"]

1. d4 Nf6 2. Bf4 g6 3. Nf3 Bg7 4. e3 d6 5. h3 O-O 6. Be2 Nfd7 7. Bh2 e5 8. O-O Nc6 9. c4 h6 10. Nc3 f5 11. Rb1 g5 12. b4 f4 13. b5 Ne7 14. Qb3 Kh8 15. a4 Nf5 16. dxe5 dxe5 17. Ne4 Qe7 18. a5 Nc5 19. Nxc5 Qxc5 20. a6 bxa6 21. bxa6 fxe3 22. Kh1 Bxa6 23. g4 Nd4 24. Nxd4 exd4 25. fxe3 dxe3 26. Rf5 Rxf5 27. gxf5 Rd8 28. Qb4 Qxf5 29. Qe7 Qxb1+ 30. Kg2 Bb7+ 31. Kg3 Rf8 0-1

[Event "January 9 Early 2024"]
[Site "https://www.chess.com"]
[Date "2024.01.11"]
[Round "4"]
[White "Caspi, Israel"]
[Black "Kozak, Adam"]
[Result "1-0"]
[Board "106"]
[TimeControl "180+1"]
[WhiteFideId "2807394"]
[BlackFideId "753246"]
[WhiteElo "2633"]
[BlackElo "2877"]
[WhiteTeam "ISR"]
[BlackTeam "HUN"]
[WhiteClock "0:00:53"]
[BlackClock "0:00:01"]

1. d4 Nf6 2. c4 e6 3. Nf3 c5 4. d5 b5 5. dxe6 fxe6 6. cxb5 d5 7. g3 Bd6 8. Bg2 O-O 9. O-O Nbd7 10. a4 Qe7 11. b3 a6 12. Na3 Ne4 13. Bb2 Ndf6 14. Nd2 Bb7 15. Nxe4 Nxe4 16. Bxe4 dxe4 17. Nc4 Rad8 18. Qc1 axb5 19. axb5 Bb8 20. Qe3 Bd5 21. Ba3 Rc8 22. Rfc1 g5 23. Bb2 h6 24. Ra6 Kh7 25. Rca1 Rf7 26. Ne5 Rg8 27. Nxf7 Qxf7 28. Qxc5 Rf8 29. Bd4 Bb7 30. R6a2 Rc8 31. Qb4 e3 32. Bxe3 Qf5 33. Qe7+ Kg6 34. Qxb7 1-0

[Event "January 9 Early 2024"]
[Site "https://www.chess.com"]
[Date "2024.01.11"]
[Round "4"]
[White "Szpar, Milosz"]
[Black "Onufrienko, Vladislav"]
[Result "1-0"]
[Board "107"]
[TimeControl "180+1"]
[WhiteFideId "1184989"]
[BlackFideId "13804332"]
[WhiteElo "2849"]
[BlackElo "2607"]
[WhiteTeam "POL"]
[BlackTeam "KGZ"]
[WhiteClock "0:00:31"]
[BlackClock "0:00:04"]

1. e4 Nf6 2. e5 Nd5 3. d4 d6 4. c4 Nb6 5. f4 dxe5 6. fxe5 Nc6 7. Be3 Bf5 8. Nc3 e6 9. Be2 f6 10. exf6 Qxf6 11. Nf3 O-O-O 12. O-O h6 13. d5 Ne5 14. Nxe5 Qxe5 15. Bd4 Qd6 16. c5 Qd7 17. cxb6 axb6 18. Bb5 c6 19. Qa4 cxb5 20. Nxb5 Qxd5 21. Rac1+ Bc5 22. b4 Bd3 23. Bxc5 Bxf1 24. Bxb6+ Bc4 25. Na3 Qc6 26. Rxc4 1-0

[Event "January 9 Early 2024"]
[Site "https://www.chess.com"]
[Date "2024.01.11"]
[Round "4"]
[White "Reprintsev, Alexander"]
[Black "Zavgorodniy, Sergiy"]
[Result "0-1"]
[Board "108"]
[TimeControl "180+1"]
[WhiteFideId "14100541"]
[BlackFideId "14110148"]
[WhiteElo "2458"]
[BlackElo "2623"]
[WhiteTeam "UKR"]
[BlackTeam "UKR"]
[WhiteClock "0:00:06"]
[BlackClock "0:00:56"]

1. e4 e5 2. Nf3 d6 3. d4 exd4 4. Nxd4 Nf6 5. Nc3 Be7 6. Bf4 O-O 7. Qd2 Nc6 8. O-O-O Nxd4 9. Qxd4 Be6 10. h3 Nd7 11. g4 Nb6 12. Bg2 a5 13. a3 c5 14. Qd2 Nc4 15. Qe2 Bf6 16. Rd3 b5 17. Rhd1 b4 18. Rxd6 Nxd6 19. Rxd6 Bg5 20. Rxd8 Bxf4+ 21. Kb1 Raxd8 22. Nd5 Bxd5 23. exd5 bxa3 24. bxa3 Rfe8 25. Qc4 Re1+ 26. Ka2 Be5 27. c3 Rb8 28. f4 Bd6 29. a4 g6 30. f5 Be5 31. fxg6 hxg6 32. d6 Rc1 33. Bd5 Bxc3 34. Bxf7+ Kh8 35. Qe2 Ra1# 0-1

[Event "January 9 Early 2024"]
[Site "https://www.chess.com"]
[Date "2024.01.11"]
[Round "4"]
[White "Ferey, Antonin"]
[Black "Limontaite, Simona"]
[Result "1/2-1/2"]
[Board "109"]
[TimeControl "180+1"]
[WhiteFideId "36051454"]
[BlackFideId "12802506"]
[WhiteElo "2495"]
[BlackElo "2309"]
[WhiteTeam "FRA"]
[BlackTeam "LTU"]
[WhiteClock "0:01:07"]
[BlackClock "0:00:18"]

1. e4 c5 2. Nc3 g6 3. g3 Bg7 4. Bg2 e6 5. d3 Ne7 6. Nh3 d6 7. Be3 Nbc6 8. Qd2 h6 9. O-O Rb8 10. Kh1 b5 11. f4 b4 12. Nd1 f5 13. exf5 exf5 14. Bg1 O-O 15. Nhf2 Nd4 16. c3 bxc3 17. bxc3 Ne6 18. Ne3 Bb7 19. Nc4 Bxg2+ 20. Kxg2 Qd7 21. Rfe1 Rfe8 22. Nd1 Nf8 23. Nde3 Qc6+ 24. Kf1 Qf3+ 25. Bf2 Red8 26. Rab1 Qc6 27. Kg1 Nd5 28. Nxd5 Qxd5 29. Rxb8 Rxb8 30. h3 h5 31. h4 Nh7 32. Qe2 Bxc3 33. Qe6+ Qxe6 34. Rxe6 Kf7 35. Rxd6 Nf6 36. Bxc5 Ng4 37. Rd7+ Kg8 38. Bxa7 Rb1+ 39. Kg2 Ra1 40. a3 Ra2+ 41. Kf3 Nh2+ 42. Ke3 Ng4+ 43. Kf3 Nh2+ 44. Ke3 Ng4+ 45. Kf3 1/2-1/2

[Event "January 9 Early 2024"]
[Site "https://www.chess.com"]
[Date "2024.01.11"]
[Round "4"]
[White "Fedoseev, Vladimir"]
[Black "Iskusnyh, Sergei"]
[Result "0-1"]
[Board "110"]
[TimeControl "180+1"]
[WhiteFideId "24130737"]
[BlackFideId "4120027"]
[WhiteElo "3042"]
[BlackElo "2673"]
[WhiteTeam "SLO"]
[BlackTeam "RUS"]
[WhiteClock "0:00:12"]
[BlackClock "0:00:41"]

1. c4 c5 2. g3 g6 3. Bg2 Bg7 4. Nc3 Nc6 5. d3 d6 6. Qd2 e5 7. b3 Nge7 8. Bb2 Be6 9. f4 exf4 10. gxf4 O-O 11. Nf3 d5 12. Ng5 d4 13. Nce4 b6 14. Nxe6 fxe6 15. Ng5 Qd6 16. Bh3 Nf5 17. O-O Rae8 18. Rf3 e5 19. Ne4 Qc7 20. Raf1 Ne3 21. f5 gxf5 22. Bxf5 Bh6 23. Qe1 Kh8 24. Qh4 Bf4 25. Rxe3 Bxe3+ 26. Kh1 Qg7 27. Nd6 Rd8 28. Bc1 Bxc1 29. Rg1 Qh6 0-1

[Event "January 9 Early 2024"]
[Site "https://www.chess.com"]
[Date "2024.01.11"]
[Round "4"]
[White "Yuan, Qingyu"]
[Black "Makaraci, Tunahan"]
[Result "1-0"]
[Board "111"]
[TimeControl "180+1"]
[WhiteFideId "8609772"]
[BlackFideId "6356559"]
[WhiteElo "2760"]
[BlackElo "2550"]
[WhiteTeam "CHN"]
[BlackTeam "TUR"]
[WhiteClock "0:00:49"]
[BlackClock "0:00:07"]

1. e4 c5 2. Nf3 Nc6 3. Bb5 d6 4. O-O Bd7 5. Re1 Nf6 6. c3 a6 7. Bf1 Bg4 8. h3 Bxf3 9. Qxf3 e6 10. d3 Rg8 11. Qd1 g5 12. g3 g4 13. h4 Be7 14. d4 cxd4 15. cxd4 Nh5 16. Bg2 Bxh4 17. gxh4 Qxh4 18. Nc3 e5 19. Ne2 g3 20. f3 O-O-O 21. d5 Ne7 22. Be3 Kb8 23. Qb3 Nf4 24. Nxf4 exf4 25. Bd4 Rg6 26. Qb6 Nc8 27. Qb4 Qg5 28. Rac1 Rh6 29. Rc2 Rh2 30. Rec1 h5 31. Rxc8+ Rxc8 32. Qxd6+ 1-0

[Event "January 9 Early 2024"]
[Site "https://www.chess.com"]
[Date "2024.01.11"]
[Round "4"]
[White "Schnaider, Ilan"]
[Black "Andreev, Konstantin"]
[Result "1-0"]
[Board "112"]
[TimeControl "180+1"]
[WhiteFideId "169013"]
[BlackFideId "24239305"]
[WhiteElo "2751"]
[BlackElo "2543"]
[WhiteTeam "ARG"]
[BlackTeam "ITA"]
[WhiteClock "0:00:09"]
[BlackClock "0:01:03"]

1. e4 c5 2. Nf3 e6 3. d4 cxd4 4. Nxd4 Nc6 5. Bf4 a6 6. Nxc6 bxc6 7. c4 d6 8. Nc3 e5 9. Be3 Be6 10. Bd3 Nf6 11. O-O Rb8 12. b3 Be7 13. f3 O-O 14. Qe2 Qc7 15. Rfd1 Rfd8 16. Rac1 Qb7 17. Na4 Nd7 18. Qf2 h6 19. Kh1 Kh8 20. c5 d5 21. exd5 Bxd5 22. Qe2 Ra8 23. Nb6 Nxb6 24. cxb6 a5 25. Bf2 Bd6 26. Bb1 Ba3 27. Rc3 Bd6 28. Qc2 g6 29. h4 Be6 30. Qc1 Kg7 31. h5 g5 32. Bg3 f5 33. Rxd6 Rxd6 34. Bxe5+ Kf7 35. Bxd6 Qxb6 36. Rxc6 Qf2 37. Rc7+ Kg8 38. Qc3 Bf7 39. Bxf5 Re8 40. Bh7+ 1-0

[Event "January 9 Early 2024"]
[Site "https://www.chess.com"]
[Date "2024.01.11"]
[Round "4"]
[White "Ranaldi, Lucas"]
[Black "Hejazipour, Mitra"]
[Result "1/2-1/2"]
[Board "113"]
[TimeControl "180+1"]
[WhiteFideId "1519484"]
[BlackFideId "12505951"]
[WhiteElo "2684"]
[BlackElo "2473"]
[WhiteTeam "NOR"]
[BlackTeam "FRA"]
[WhiteClock "0:00:04"]
[BlackClock "0:00:59"]

1. Nf3 Nf6 2. c4 e6 3. g3 d5 4. Bg2 Be7 5. O-O d4 6. e3 c5 7. exd4 cxd4 8. d3 O-O 9. Bg5 Nc6 10. Nbd2 Nd7 11. Bxe7 Qxe7 12. a3 a5 13. Re1 a4 14. Qc2 Nc5 15. Ne4 Nxe4 16. Rxe4 Qc5 17. Rae1 f6 18. Nd2 e5 19. R4e2 Bg4 20. Bd5+ Kh8 21. f3 Bh5 22. Ne4 Qe7 23. Rf2 f5 24. Nd2 Qd6 25. f4 exf4 26. Rxf4 Rae8 27. Ref1 Re2 28. Rxf5 Rxf5 29. Rxf5 Bg6 30. Rf1 Ne5 31. Ne4 Rxc2 32. Nxd6 h6 33. Rf8+ Kh7 34. Bg8+ Kh8 35. c5 Rxb2 36. Nc4 Nxc4 37. Bxc4+ Kh7 38. Bg8+ Kh8 39. Bf7+ Kh7 40. Bg8+ Kh8 41. Bf7+ Kh7 42. Bg8+ 1/2-1/2

[Event "January 9 Early 2024"]
[Site "https://www.chess.com"]
[Date "2024.01.11"]
[Round "4"]
[White "Matko, Ognjen"]
[Black "Delgado Kuffo, Andres"]
[Result "1-0"]
[Board "114"]
[TimeControl "180+1"]
[WhiteFideId "14509717"]
[BlackFideId "3600475"]
[WhiteElo "2512"]
[BlackElo "2316"]
[WhiteTeam "CRO"]
[BlackTeam "ECU"]
[WhiteClock "0:00:44"]
[BlackClock "0:00:01"]

1. g3 d5 2. Bg2 c6 3. d3 Nf6 4. Nd2 Bf5 5. e4 dxe4 6. dxe4 Bg6 7. e5 Nd5 8. e6 Nb4 9. exf7+ Kxf7 10. Be4 Bxe4 11. Nxe4 Qd5 12. Ng5+ Kg8 13. Qxd5+ cxd5 14. Kd1 e5 15. a3 N4c6 16. b4 a6 17. Bb2 Nd7 18. N1f3 Re8 19. Re1 h6 20. Nh3 g5 21. Nhg1 Bg7 22. Rb1 Kh7 23. Ke2 Rhf8 24. Red1 e4 25. Ne1 Nde5 26. Bxe5 Rxe5 27. b5 axb5 28. Rxb5 d4 29. Rxb7 Ref5 30. f3 1-0